 Dungeon Crawl Stone Soup version 0.31-a0-640-g39d97e502b (webtiles) character file.

Game seed: 7514521665512349178

1497 senseless the Changeling (level 8, -5/54 HPs)
             Began as an Octopode Shapeshifter on Aug 28, 2023.
             Was a High Priest of Jiyva.
             Slain by an ice beast (14 damage)
             ... on level 6 of the Dungeon.
             The game lasted 00:12:18 (3802 turns).

senseless the Changeling (Octopode Shapeshifter)    Turns: 3802, Time: 00:12:20

Health: -5/54      AC:  1    Str: 15    XL:     8   Next: 81%
Magic:  5/8        EV: 15    Int: 13    God:    Jiyva [*****.]
Gold:   192        SH:  0    Dex: 17    Spells: 7/7 levels left

rFire   . .          .
                       - Unarmed
rCold   . . .        (no shield)
rNeg    . . .        (helmet currently unavailable)
rPois   +            m - amulet of regeneration
rElec   .            s - ring "Omia" {rPois Dex+6}
rCorr   +            (no ring)
SInv    .            (no ring)
Will    +....        (no ring)
Stlth   +++          (no ring)
HPRegen 2.53/turn    (no ring)
MPRegen 0.56/turn    (no ring)
                     (no ring)

%: no passive effects
@: beast-form, calling ooze
A: beast (slay +3), almost no armour, amphibious, 8 rings, camouflage 1,
gelatinous body 1, (nimble swimmer 1), tentacles, tentacle spike 3,
strong-willed 1
a: Begin Untransformation, Renounce Religion, Oozemancy, Slimify


You were on level 6 of the Dungeon.
You worshipped Jiyva.
Jiyva was extremely pleased with you.
You were a hulking beast.
You visited 1 branch of the dungeon, and saw 6 of its levels.
You also visited: Sewer.

You collected 192 gold pieces.

Inventory:

Hand Weapons
 g - a +1 vampiric short sword
 i - a +2 short sword of electrocution
 q - a +2 whip of freezing
Missiles
 r - a throwing net
Jewellery
 m - an amulet of regeneration (around mantle)
 s - the ring "Omia" (left tentacle) {rPois Dex+6}
   (You found it on level 5 of the Dungeon)

   [ring of dexterity]

   Dex+6:     It affects your dexterity (+6).
   rPois:     It protects you from poison
Talismans
 b - a beast talisman (active)
 c - a flux talisman
 f - a maw talisman
 t - a blade talisman
Wands
 e - a wand of polymorph (8) (quivered)
 p - a wand of quicksilver (3)
Scrolls
 n - a scroll of revelation
 o - 2 scrolls of butterflies {unknown}
Potions
 a - 2 potions of lignification
 d - 2 potions of curing
 h - 2 potions of brilliance
 j - 2 potions of magic {unknown}
 k - a potion of enlightenment {unknown}
 l - 3 potions of mutation {unknown}


   Skills:
 + Level 4.7 Fighting
 + Level 5.1 Dodging
 + Level 5.6 Unarmed Combat
 * Level 6.8 Shapeshifting


You had 7 spell levels left.
You didn't know any spells.
Your spell library was empty.

Dungeon Overview and Level Annotations

Branches:
Dungeon (6/15)             Temple (0/1) D:4           Sewer (visited)

Altars:
Ashenzari
Elyvilon
Nemelex Xobeh
Okawaru
Ru
Xom
Zin
The Shining One
Jiyva

Annotations:
D:6 2 transporters, TobyConnect's ghost, novice DsSh


Innate Abilities, Weirdness & Mutations

You are a hulking beast.
Your limbs bulge with bestial killing power. (Slay +3)
You cannot wear most types of armour.
You are amphibious.
You can wear up to eight rings at the same time.
Your skin changes colour to match your surroundings (Stealth+).
Your rubbery body absorbs attacks. (AC +1, EV +1)
((You are camouflaged when in or above water. (Stealth+)))
You have tentacles for arms and can constrict up to eight enemies at once.
One of your tentacles bears a large vicious spike.
You are strong-willed. (Will+)


Message History

You shudder from the blow and a jelly pops out!
The iguana closely misses you.
You are too injured to fight recklessly!
You are too injured to fight recklessly!
You are too injured to fight recklessly!
You are too injured to fight recklessly!
You are too injured to fight recklessly!
You are too injured to fight recklessly!
You are too injured to fight recklessly!
You are too injured to fight recklessly!
You are too injured to fight recklessly!
You are too injured to fight recklessly!
You are too injured to fight recklessly!
You are too injured to fight recklessly!
You are too injured to fight recklessly!
You are too injured to fight recklessly!
You are too injured to fight recklessly!
You are too injured to fight recklessly!
You are too injured to fight recklessly!
You are too injured to fight recklessly!
You are too injured to fight recklessly!
You are too injured to fight recklessly!
Press: ? - help, v - describe, . - travel, g - get item
Here: a rockslime (summoned, friendly)
Items here: a +0 shortbow; a centaur corpse.
The floor, spattered with blood.
The ice beast attacks as it pursues you!
The ice beast hits you. The ice beast freezes you!
* * * LOW HITPOINT WARNING * * *
The orc wizard barely misses you.
Your rockslime completely misses the ice beast.
There is an open door here.
Activating: Oozemancy (1% risk of failure)
Press: ? - help, Dir - look around, f - activate An open door.
Slime begins to ooze from the nearby walls!
The wall melts the ice beast!
The ice beast hits you.
* * * LOW HITPOINT WARNING * * *
The ice beast freezes you!
You die...

#.....## +.......
###+### #.#..... #.....#
#....... #../..#
#.####.# +.!.(.+
#..#...# #..l..#
###..#.### #JYo..#
##.#......# ###h###
##..#.##.#..
##.....###...'.##.###
##.....###....#.##....
##.....###.....#.######
##.....###.....##.# #
#.....###.....###.#
#..####'#######'#####.##
#.......................
######..##.#.###########
#


You could see an ice beast (ally target), an iguana, an orc wizard and a
friendly rockslime (summoned).

Vanquished Creatures
  Pikel (D:5)
  Prince Ribbit (D:5)
  A water moccasin (D:6)
  An ice beast (D:6)
  2 black bears
  2 ogres
  4 lemures (D:5)
  A centaur (D:6)
  A scorpion (D:5)
  2 hounds
  2 iguanas
  An orc wizard (D:6)
  A hell rat (Sewer)
  3 gnolls (D:5)
  2 adders
  A white imp (D:5)
  A worm (D:3)
  2 dart slugs
  5 orcs
  5 bats
  An endoplasm (D:1)
  7 giant cockroaches
  6 hobgoblins
  7 quokkas
  3 ball pythons
  2 frilled lizards
  4 goblins
  8 kobolds
  11 rats
88 creatures vanquished.

Vanquished Creatures (others)
  5 jellies (D:5)
  An iguana (D:5)
  An orc wizard (D:5)
  3 gnolls (D:5)
  7 orcs
  4 goblins (D:2)
  A hobgoblin (D:3)
  A kobold (D:2)
  2 quokkas
  2 ball pythons (D:2)
  A bat (D:2)
  A rat (D:2)
29 creatures vanquished.

Grand Total: 117 creatures vanquished

Notes
Turn   | Place    | Note
-------+----------+-------------------------------------------
     0 | D:1      | senseless the Octopode Shapeshifter began the quest for the
                  | Orb.
     0 | D:1      | Reached XP level 1. HP: 13/13 MP: 1/1
   140 | D:1      | Reached XP level 2. HP: 18/18 MP: 2/2
   540 | D:1      | Found a faded altar of an unknown god.
   559 | D:1      | Prayed at the altar of an unknown god.
   559 | D:1      | Became a worshipper of Jiyva Jeinauc the Shapeless
   559 | D:1      | Reached * piety under Jiyva
   729 | D:2      | Reached XP level 3. HP: 23/23 MP: 3/3
  1016 | D:2      | Reached ** piety under Jiyva
  1399 | D:3      | Found a glowing drain.
  1420 | Sewer    | Entered a sewer
  1447 | Sewer    | Reached XP level 4. HP: 29/29 MP: 4/4
  1510 | D:3      | Reached *** piety under Jiyva
  1561 | D:3      | Found a sacrificial altar of Ru.
  1821 | D:3      | Found a glowing golden altar of the Shining One.
  1821 | D:3      | Found a white marble altar of Elyvilon.
  1821 | D:3      | Found a glowing silver altar of Zin.
  2107 | D:3      | Found an iron altar of Okawaru.
  2233 | D:4      | Gained mutation: One of your tentacles bears a spike.
                  | [Jiyva's grace]
  2233 | D:4      | Gained mutation: One of your tentacles bears a nasty spike.
                  | [Jiyva's grace]
  2233 | D:4      | Gained mutation: One of your tentacles bears a large
                  | vicious spike. [Jiyva's grace]
  2233 | D:4      | Gained mutation: You are strong-willed. (Will+) [Jiyva's
                  | grace]
  2239 | D:4      | Found a staircase to the Ecumenical Temple.
  2335 | D:4      | Noticed a black bear
  2345 | D:4      | Killed a black bear
  2346 | D:4      | Reached skill level 4 in Shapeshifting
  2346 | D:4      | Reached XP level 5. HP: 12/35 MP: 5/5
  2454 | D:4      | Reached **** piety under Jiyva
  2455 | D:4      | Found a broken altar of Ashenzari.
  2618 | D:4      | Noticed an ogre
  2626 | D:4      | Killed an ogre
  2627 | D:4      | Reached XP level 6. HP: 41/41 MP: 6/6
  2773 | D:5      | Entered Level 5 of the Dungeon
  2803 | D:5      | Noticed Pikel
  2873 | D:5      | Noticed Prince Ribbit
  2883 | D:5      | HP: 2/41 [Prince Ribbit (11)]
  2885 | D:5      | Killed Prince Ribbit
  2886 | D:5      | Reached skill level 5 in Shapeshifting
  2886 | D:5      | Reached XP level 7. HP: 4/46 MP: 7/7
  2970 | D:5      | Found a shimmering altar of Xom.
  3111 | D:5      | Killed Pikel
  3112 | D:5      | Reached skill level 5 in Unarmed Combat
  3112 | D:5      | Reached skill level 6 in Shapeshifting
  3112 | D:5      | Reached XP level 8. HP: 45/54 MP: 8/8
  3126 | D:5      | Found a sparkling altar of Nemelex Xobeh.
  3155 | D:5      | Reached ***** piety under Jiyva
  3455 | D:5      | Identified the ring "Omia" {rPois Dex+6}
  3608 | D:6      | Noticed TobyConnect's ghost (novice DsSh)
  3609 | D:6      | Found a transporter.
  3611 | D:6      | Found a transporter.
  3611 | D:6      | Noticed a queen bee
  3702 | D:6      | Reached skill level 5 in Dodging
  3802 | D:6      | Slain by an ice beast

Illustrated notes

Levels and vault maps discovered:
D:1:      giann_forest_graveyard, layout_loops_ring,
          ebering_ecumenical_altar_sacrificial
D:2:      layout_basic, serial_forest, infiniplex_forest_lined_2,
          infiniplex_forest_clump_medium, infiniplex_forest_end_2,
          infiniplex_forest_zigzag_2, infiniplex_forest_clump_long,
          infiniplex_forest_clump_curved, infiniplex_forest_lined_ring,
          infiniplex_forest_clump_double, infiniplex_forest_zigzag_1,
          small_statue_intersection, minmay_heptomino_o4
D:3:      layout_basic, dreamdust_divine_triumvirate, nicolae_ru_awakened_eye,
          lemuel_coloured_pillars_altar, gup_sewer_entry_pipe,
          nicolae_the_louvre
D:4:      layout_loops_ring, nicolae_ashenzari_skybound,
          minmay_temple_entry_grid
D:5:      layout_gridville, nemelex_xobeh_ov_fountains_minmay, xom_teletrap_fun,
          hangedman_abyss_or_decor_stabs, uniq_prince_ribbit1, uniq_pikel
D:6:      layout_basic, fiery_altar_vehumet, gammafunk_ghost_hive,
          minmay_misc_feat_tower, minmay_quadrilaterals

Skill      XL: |  1  2  3  4  5  6  7  8 |
---------------+-------------------------+-----
Fighting       | 2 3 4 |  4.7
Dodging        | 3 4 5 |  5.1
Shapeshifting  | 4 5 6 |  6.8
Unarmed Combat | 4 5 |  5.6

Action                     |  1- 3 |  4- 6 |  7- 9 || total
---------------------------+-------+-------+-------++-------
  Melee: Unarmed           |    21 |    39 |    50 ||   110
         Constrict         |    18 |    15 |    13 ||    46
         Tentacles         |    12 |    13 |    15 ||    40
         Short sword       |    52 |    21 |       ||    73
         Punch             |       |     4 |     3 ||     7
         Kick              |       |    16 |    19 ||    35
 Invoke: Oozemancy         |       |       |     1 ||     1
  Evoke: Wand              |       |       |     1 ||     1
    Use: Scroll            |     3 |     5 |       ||     8
         Potion            |       |     2 |       ||     2
   Stab: Sleeping          |    19 |     5 |     2 ||    26
 Armour: Skin              |     4 |     1 |     2 ||     7
  Dodge: Dodged            |    33 |    28 |    29 ||    90

Table legend: (Time is in decaauts)
 A = Elapsed time spent in this place.
 B = Non-inter-level travel time spent in this place.
 C = Inter-level travel time spent in this place.
 D = Time resting spent in this place.
 E = Time spent auto-exploring this place.
 F = Levels seen in this place.
 G = Mean time per level.
                   A        B        C        D        E       F      G
               +--------+--------+--------+--------+--------+-----+--------+
         Total |   3789 |   3628 |    161 |      0 |   2904 |   7 |  541.3 |
       Dungeon |   3716 |   3555 |    161 |      0 |   2872 |   6 |  619.3 |
         Sewer |     72 |     72 |      0 |      0 |     32 |   1 |   72.0 |
               +--------+--------+--------+--------+--------+-----+--------+

Top non-repeatable levels by time:
     D:3: 831 daAuts
     D:5: 735 daAuts
     D:1: 665 daAuts
     D:2: 640 daAuts
     D:4: 556 daAuts
     D:6: 286 daAuts
   Sewer: 72 daAuts
